 Dungeon Crawl Stone Soup version 0.20-a0-870-g4070442 (webtiles) character file.

295 krabocopter the Changer (level 6, 7/53 HPs)
             Began as a Draconian Transmuter on Mar 13, 2017.
             Quit the game on level 3 of the Dungeon.
             The game lasted 00:09:20 (3833 turns).

krabocopter the Changer (Draconian Transmuter)      Turns: 3833, Time: 00:09:21

Health: 7/53       AC:  6    Str: 13    XL:     6   Next: 11%
Magic:  9/9        EV: 11    Int: 15    God:
Gold:   49         SH:  0    Dex: 11    Spells: 8/9 levels left

rFire    . . .     SeeInvis .   (no weapon)
rCold    . . .     Gourm    .   (armour unavailable)
rNeg     . . .     Faith    .   (no shield)
rPois    .         Spirit   .   (helmet restricted)
rElec    .         Reflect  .   (no cloak)
rCorr    .         Harm     .   (no gloves)
MR       .....                  (no boots)
Stlth    +.........             (no amulet)
Regen    0.2/turn               (no ring)
MPRegen  0.2/turn               (no ring)

@: mildly poisoned (7 -> 5), extremely drained
A: unfitting armour, cold-blooded, AC +6
a: no special abilities


You were on level 3 of the Dungeon.
You were hungry.

You visited 1 branch of the dungeon, and saw 4 of its levels.

You collected 49 gold pieces.

Inventory:

Hand Weapons
 e - a +0 dagger of draining
 f - a +1 vampiric whip
Scrolls
 d - 2 scrolls of fear {unknown}
 g - 7 scrolls of identify {unknown}
 i - a scroll of amnesia {unknown}
 j - 2 scrolls of teleportation {unknown}
 k - a scroll of magic mapping {unknown}
Books
 b - a book of Changes

   Spells                             Type                      Level
   a - Beastly Appendage              Transmutation                1
   b - Sticks to Snakes               Transmutation                2
   c - Spider Form                    Transmutation/Poison         3
   d - Ice Form                       Ice/Transmutation            4
   e - Blade Hands                    Transmutation                5
Comestibles
 a - 2 chunks of flesh
 c - 7 bread rations
 h - a meat ration


   Skills:
 + Level 4.7(0.0) Fighting
 - Level 1.7(0.0) Dodging
 - Level 3.0(0.0) Unarmed Combat
 - Level 2.0(0.0) Spellcasting
 + Level 4.8(0.0) Transmutations


You had 8 spell levels left.
You knew the following spells:

 Your Spells              Type           Power        Failure   Level  Hunger
a - Beastly Appendage     Tmut           #.....       28%         1    ##.....


Dungeon Overview and Level Annotations

Branches:
Dungeon (4/15)
 Temple: D:4-7

Altars:
The Shining One


Innate Abilities, Weirdness & Mutations

Your plain brown scales are hard. (AC +6)
You cannot fit into any form of body armour.
You are cold-blooded and may be slowed by cold attacks.


Message History

Your horns disappear.
You are feeling hungry.
You feel sick. The goblin barely misses you.
You take 1 damage, and have 12/53 hp.
Really attack barehanded? [Y]es or [N]o only, please.
Really attack barehanded? [Y]es or [N]o only, please.
Really attack barehanded? [Y]es or [N]o only, please.
Really attack barehanded?
You closely miss the goblin. The goblin closely misses you.
You barely miss the goblin.
You feel sick. The goblin hits you.
* * * LOW HITPOINT WARNING * * *
You take 5 damage, and have 7/53 hp.
You barely miss the goblin. The goblin closely misses you.
You closely miss the goblin.
You feel sick. The goblin hits you but does no damage.
You closely miss the goblin. The goblin hits you but does no damage.
You hit the goblin. The goblin barely misses you.

##.........##### ..## #........#
....).......##### ....##........#
#..####......#..##.##...........#
...# ###...........####........#
#.## #.###(..................#
#.## ###.# ##......#####.......#
...# ##...# ##(....# #.......#
...# #..### #.....# #.....[.#
...###.## #.@...# #.......#
#.###..# #.g...# #......>..
......## ###.............>..
......# ...####.o....... ......#
...# #....K.!.. ......# ...#
#......K.. ......# ...#
#.....o... ......# ...# #######


You could see a goblin.

Vanquished Creatures
  A scorpion (D:3)
  A howler monkey (D:3)
  An orc wizard (D:3)
  Terence (D:2)
  6 adders
  An ooze (D:2)
  2 worms (D:3)
  3 dart slugs
  A leopard gecko (D:1)
  9 orcs (D:3)
  A ball python (D:1)
  5 giant cockroaches
  7 goblins
  7 hobgoblins
  3 jackals (D:1)
  6 kobolds
  7 bats
  6 frilled lizards
  7 rats
75 creatures vanquished.

Notes
Turn   | Place    | Note
-------+----------+-------------------------------------------
     0 | D:1      | krabocopter the Draconian Transmuter began the quest for the Orb.
     0 | D:1      | Reached XP level 1. HP: 16/16 MP: 3/3
   261 | D:1      | Reached XP level 2. HP: 23/24 MP: 5/5
   768 | D:1      | Reached XP level 3. HP: 13/30 MP: 6/6
  1467 | D:2      | Noticed Terence
  1486 | D:2      | Killed Terence
  1486 | D:2      | Reached XP level 4. HP: 31/37 MP: 7/7
  2051 | D:2      | You fall through a shaft for 2 floors!
  2064 | D:4      | Noticed an ogre
  2106 | D:3      | Reached XP level 5. HP: 16/45 MP: 8/8
  2940 | D:3      | Found a glowing golden altar of the Shining One.
  3316 | D:3      | Reached XP level 6. HP: 46/53 MP: 7/9
  3833 | D:3      | Quit the game

Vault maps used:
D:1:      lightli_arrival_quake
D:2:      minivault_19, uniq_terence
D:3:      nicolae_tso_swordbearing_angel, first_bread
D:4:      nicolae_qazlal_eye_of_the_storm

Skill      XL: |  1  2  3  4  5 |
---------------+----------------+-----
Fighting       | 2 3 4 |  4.7
Transmutations | 3 4 |  4.8
Dodging        | |  1.7
Unarmed Combat | |  3.0
Spellcasting   | |  2.0

Action                   |  1- 3 |  4- 6 || total
-------------------------+-------+-------++-------
Melee: Unarmed           |   145 |   272 ||   417
       Tailslap          |    10 |    31 ||    41
       Headbutt          |     1 |    10 ||    11
       Kick              |     5 |    21 ||    26
       Punch             |       |     1 ||     1
 Cast: Beastly Appendage |     3 |    15 ||    18
  Use: Potion            |       |     6 ||     6
 Stab: Distracted        |       |     1 ||     1
  Eat: Chunk             |     2 |     8 ||    10
Armor: Skin              |    40 |    93 ||   133
Dodge: Dodged            |    73 |   182 ||   255
